 Dungeon Crawl Stone Soup version 0.17-b1-20-g63edfd6 (webtiles) character file.

115 thrall606 the Shield-Bearer (level 4, 0/35 HPs)
             Began as a Demonspawn Fighter on Nov 4, 2015.
             Succumbed to an adder's poison
             ... on level 3 of the Dungeon.
             The game lasted 00:07:59 (2450 turns).

thrall606 the Shield-Bearer (Demonspawn Fighter)    Turns: 2450, Time: 00:07:59

Health: 0/35       AC: 11    Str: 17    XL:     4   Next: 68%
Magic:  4/4        EV:  3    Int:  9    God:
Gold:   183        SH:  9    Dex: 13    Spells: 0 memorised, 3 levels left

rFire  . . .     SeeInvis .     a - +0 long sword
rCold  . . .     Clarity  .     f - +0 plate armour
rNeg   . . .     SustAt   .     c - +0 shield
rPois  .         Gourm    .     (helmet restricted)
rElec  .         Spirit   .     (no cloak)
rCorr  .         Warding  .     (no gloves)
rMut   .         Stasis   .     (no boots)
MR     .....                    (no amulet)
Stlth  ..........               (no ring)
                                i - ring of stealth

@: lethally poisoned (0 -> -6), not resistant to hostile enchantments, extremely
unstealthy
A: antennae 1
a: no special abilities


You were on level 3 of the Dungeon.
You were not hungry.

You visited 1 branch of the dungeon, and saw 4 of its levels.

You collected 183 gold pieces.

Inventory:

Hand Weapons
 a - a +0 long sword (weapon)
Armour
 b - a +0 scale mail
 c - a +0 shield (worn)
 f - a +0 plate armour (worn)
 m - a +0 helmet
Jewellery
 i - a ring of stealth (left hand)
 o - a cursed ring of poison resistance
 q - an uncursed amulet of guardian spirit {unknown}
 s - an uncursed amulet of warding {unknown}
Wands
 p - a wand of fireball (3)
Scrolls
 g - a scroll of remove curse
 h - 3 scrolls of teleportation
 l - a scroll of amnesia {unknown}
 n - 3 scrolls of identify
Potions
 d - 2 potions of might
Comestibles
 e - 2 bread rations
 j - 2 meat rations
 k - a beef jerky
 r - 6 chunks of flesh


   Skills:
 + Level 3.5 Fighting
 + Level 2.4 Long Blades
 + Level 3.2 Armour
 + Level 0.6 Dodging
 + Level 0.2 Stealth
 + Level 3.6 Shields


You had 3 spell levels left.
You didn't know any spells.

Dungeon Overview and Level Annotations

Branches:
Dungeon (4/15)
 Temple: D:4-7

Altars:


Innate Abilities, Weirdness & Mutations

You have a pair of small antennae on your head.


Message History

You slash the adder!
The adder is heavily wounded.
You feel sick. The adder bites you.
* * * LOW HITPOINT WARNING * * *
The adder barely misses you.
You hit the adder.
The adder is severely wounded.
The adder bites you.
* * * LOW HITPOINT WARNING * * *
The adder bites you.
* * * LOW HITPOINT WARNING * * *
You are lethally poisoned!
The adder poisons you!
Drink which item? (? for menu, Esc to quit)
Okay, then.
You slash the adder!
You kill the adder!
* * * LOW HITPOINT WARNING * * *
You feel sick.
You die...

.#.#.##..........##...........#
......#.##.####......)(######.#
.#....#.##.# #..#.....# #.#
.#....#.##.####......>.# #.#
.#......##.............######.#
.#.#....................#.#.#.#
.#.#....###.####......#.#.#.#.#
.#.#....# #.# #...#..#.#.....#
........# #.####@.>#..#.#.#.###
........# #...........#.#...#
...##.#####.###....#......###
............###.......#.....#
#####.......................#
#####.###..........#........#
.............)..............#
......####..#.#.............#
......# #..#.#.#...#..#....####


There were no monsters in sight!

Vanquished Creatures
  A worker ant (D:4)
  5 adders
  2 worms (D:3)
  A giant gecko (D:3)
  3 bats
  3 giant cockroaches
  5 hobgoblins
  3 jackals (D:2)
  3 quokkas
  5 giant newts
  5 goblins
  6 kobolds
  2 rats
44 creatures vanquished.

Notes
Turn   | Place    | Note
--------------------------------------------------------------
     0 | D:1      | thrall606 the Demonspawn Fighter began the quest for the Orb.
     0 | D:1      | Reached XP level 1. HP: 18/18 MP: 1/1
   491 | D:1      | Gained mutation: You have a pair of small antennae on your head. [demonic ancestry]
   491 | D:1      | Reached XP level 2. HP: 24/24 MP: 2/2
  1101 | D:2      | Found a faded altar to an unknown god.
  1245 | D:2      | Reached XP level 3. HP: 18/29 MP: 3/3
  2050 | D:3      | Reached XP level 4. HP: 28/35 MP: 4/4
  2442 | D:4      | Noticed a phantom
  2448 | D:3      | HP: 1/35 [poisoned by an adder]
  2450 | D:3      | Succumbed to an adder's poison

Action                   |  1- 3 |  4- 6 || total
-------------------------+-------+-------++-------
Melee: Long sword        |   191 |    33 ||   224
  Use: Scroll            |     4 |       ||     4
       Potion            |     4 |       ||     4
  Eat: Chunk             |     4 |     1 ||     5
